 Dungeon Crawl Stone Soup version 0.27.1-1-g398f81649c (webtiles) character file.

Game seed: 13607190320980631991

9 Thatpatchoflichen the Chucker (level 2, 0/29 HPs)
             Began as an Ogre Hunter on Sept 9, 2021.
             Slain by an endoplasm (3 damage)
             ... on level 1 of the Dungeon.
             The game lasted 00:00:56 (485 turns).

Thatpatchoflichen the Chucker (Ogre Hunter)          Turns: 485, Time: 00:00:57

Health: 0/29       AC:  3    Str: 15    XL:     2   Next: 12%
Magic:  2/2        EV: 10    Int: 12    God:
Gold:   0          SH:  0    Dex:  9    Spells: 1/1 levels left

rFire    . . .     SeeInvis .   a - +0 short sword
rCold    . . .     Faith    .   (no shield)
rNeg     . . .     Spirit   .   b - +0 robe
rPois    .         Reflect  .   (helmet restricted)
rElec    .         Harm     .   (no cloak)
rCorr    .         Rampage  .   (gloves unavailable)
Will     .....                  (boots unavailable)
Stlth    +.........             (no amulet)
HPRegen  0.09/turn              (no ring)
MPRegen  0.08/turn              (no ring)

@: no status effects
A: large, unfitting armour, tough skin 1
a: no special abilities


You were on level 1 of the Dungeon.
You visited 1 branch of the dungeon, and saw 1 of its levels.

Inventory:

Hand Weapons
 a - a +0 short sword (weapon)
Missiles
 c - 5 large rocks (quivered)
 d - 2 throwing nets
 e - 7 curare-tipped darts
 f - 13 poisoned darts
Armour
 b - a +0 robe (worn)


   Skills:
 - Level 2.6 Fighting
 - Level 4.0 Throwing
 * Level 2.5 Dodging
 - Level 0.6 Stealth


You had one spell level left.
You didn't know any spells.
Your spell library was empty.

Dungeon Overview and Level Annotations

Branches:
Dungeon (1/15)

Altars:


Innate Abilities, Weirdness & Mutations

You are too large for most types of armour.
You have tough skin. (AC +1)


Message History

The hobgoblin barely misses you.
You closely miss the hobgoblin.
The hobgoblin is almost dead.
The hobgoblin barely misses you.
You closely miss the hobgoblin.
The hobgoblin is almost dead.
The hobgoblin barely misses you.
You closely miss the hobgoblin.
The hobgoblin is almost dead.
The hobgoblin closely misses you.
You barely miss the hobgoblin.
The hobgoblin is almost dead.
The hobgoblin hits you.
You closely miss the hobgoblin.
The hobgoblin is severely wounded.
The hobgoblin hits you.
You hit the hobgoblin.
The hobgoblin is almost dead.
The hobgoblin hits you.
You closely miss the hobgoblin.
The hobgoblin is almost dead.
The hobgoblin barely misses you.
You hit the hobgoblin but do no damage.
The hobgoblin is almost dead.
The hobgoblin hits you.
You hit the hobgoblin but do no damage.
The hobgoblin is almost dead.
The hobgoblin barely misses you. The hobgoblin hits you.
* * * LOW HITPOINT WARNING * * *
You barely miss the hobgoblin.
The hobgoblin is almost dead.
The hobgoblin closely misses you.
You hit the hobgoblin.
You kill the hobgoblin!
You hit the endoplasm but do no damage. The endoplasm hits you.
* * * LOW HITPOINT WARNING * * *
You hit the endoplasm but do no damage. The endoplasm hits you.
* * * LOW HITPOINT WARNING * * *
You barely miss the endoplasm. The endoplasm hits you.
You die...

##.# ##..#####+### .#
............# .#
##...######.# ..
##......##.# .#
######.##.##### .#
#######.#...##.##.#
..............#.#.####.#
#####.#.#...##.@J......#
#.#.##.####.#....... #
#.##.# #.#..##.## .#....
#.#..# # #.### #.#..# #.
..#..# ...... ..####


You could see an endoplasm.

Vanquished Creatures
  A ball python (D:1)
  An endoplasm (D:1)
  A goblin (D:1)
  3 hobgoblins (D:1)
  A kobold (D:1)
7 creatures vanquished.

Notes
Turn   | Place    | Note
-------+----------+-------------------------------------------
     0 | D:1      | Thatpatchoflichen the Ogre Hunter began the quest for the
                  | Orb.
     0 | D:1      | Reached XP level 1. HP: 22/22 MP: 1/1
   464 | D:1      | Reached XP level 2. HP: 17/29 MP: 2/2
   485 | D:1      | Slain by an endoplasm

Illustrated notes

Levels and vault maps discovered:
D:1:      tarquinn_simple_flora_water_c, layout_loops_ring,
          ebering_ecumenical_altar_ruins, hangedman_abyss_or_decor_lesser_grid,
          minmay_misc_feat_four_crosses, nrook_campfire

Skill      XL: |  1 |
---------------+----+-----
Dodging        | 2 |  2.5
Fighting       | |  2.6
Throwing       | |  4.0
Stealth        | |  0.6

Action                   || total
-------------------------++-------
Melee: Short sword       ||    73
Armor: Robe              ||    16
Dodge: Dodged            ||    54
